Map: Arctic Dream LE

Players

nesquick - Winner!

  • Race: Zerg Zerg
  • League: Diamond
  • Spawn Location: 12:00

PurpleFlower - Winner!

  • Race: Protoss Protoss
  • Spawn Location: 11:00

Massa

  • Race: Terran Terran
  • League: Platinum
  • Spawn Location: 5:00

qqq

  • Race: Protoss Protoss
  • League: Platinum
  • Spawn Location: 6:00

VOD

Have the link to the VOD?

Description

Time

  • Played on: Dec. 31, 2020, 7:21 a.m.
  • Length: 7:20
Show
View Real Time Build Order
Export as new Build Order

nesquick Zerg - Winner!

Build Orders: Hatch First 

Get SALT Encoding   

  12  0:03  Drone  
  13  0:12  Overlord  
  13  0:16  Drone  
  14  0:31  Drone x2  
  14  0:35  Drone  
  17  0:54  Hatchery  
  17  0:55  Drone  
  17  1:03  Drone  
  18  1:16  Drone  
  19  1:22  Spawning Pool  
  19  1:25  Drone, Extractor  
  19  1:30  Drone  
  19  1:42  Drone  
  20  1:54  Drone  
  21  2:03  Drone  
  22  2:09  Drone  
  22  2:12  Drone  
  22  2:13  Queen  
  22  2:15  Queen  
  26  2:22  Overlord  
  28  2:32  Metabolic Boost  
  28  2:34  Overlord  
  28  2:42  Zergling x6  
  31  2:45  Zergling x2  
  31  2:50  Drone  
  33  2:55  Drone  
  34  3:05  Drone  
  35  3:08  Drone  
  36  3:16  Drone  
  37  3:22  Hatchery, Drone x2  
  37  3:23  Drone x2  
  37  3:26  Drone  
  41  3:29  Drone  
  41  3:30  Drone  
  41  3:31  Drone  
  44  3:36  Spore Crawler  
  44  3:37  Drone  
  44  3:45  Overlord  
  44  3:52  Lair  
  44  3:58  Overlord  
  44  4:04  Drone x2  
  46  4:10  Drone  
  46  4:11  Drone x4  
  51  4:19  Drone  
  51  4:26  Drone x2  
  53  4:33  Drone, Baneling Nest  
  53  4:36  Extractor  
  53  4:38  Drone x3  
  55  4:39  Drone x2  
  55  4:41  Queen  
  59  4:55  Extractor x2  
  59  4:57  Drone x3, Spore Crawler  
  59  4:58  Drone x2, Spore Crawler  
  59  4:59  Queen  
  62  5:00  Drone, Spore Crawler  
  62  5:05  Spore Crawler  
  62  5:07  Drone x3  
  64  5:14  Evolution Chamber  
  64  5:15  Drone x2  
  64  5:16  Evolution Chamber  
  64  5:19  Queen, Spore Crawler  
  65  5:22  Spore Crawler, Overlord x3  
  64  5:31  Overlord x2  
  64  5:32  Overlord  
  64  5:33  Zergling x2  
  65  5:42  Drone x6  
  71  5:44  Drone  
  71  5:49  Baneling x3  
  72  5:50  Baneling x4  
  72  5:57  Zergling x2  
  72  5:58  Zergling x6  
  72  6:00  Zergling x4  
  72  6:01  Zergling x2  
  78  6:15  Spore Crawler  
  75  6:29  Zergling x12  
  75  6:30  Zergling x12  
  85  6:47  Zergling x2  
  85  6:48  Zergling x14  
  91  6:58  Zergling x6  
  91  7:01  Baneling x6  
  92  7:02  Baneling x6  
  92  7:03  Baneling x3  
Show
View Real Time Build Order
Export as new Build Order

PurpleFlower Protoss - Winner!

Build Orders:  

Get SALT Encoding   

  12  0:02  Probe  
  13  0:14  Probe  
  13  0:19  Pylon  
  14  0:27  Probe  
  15  0:39  Probe (Chrono Boost)  
  15  0:41  Gateway  
  17  0:51  Probe (Chrono Boost)  
  17  0:52  Assimilator  
  17  0:56  Probe (Chrono Boost)  
  18  1:05  Probe  
  19  1:17  Probe  
  20  1:37  Cybernetics Core  
  20  1:38  Probe (Chrono Boost)  
  21  1:51  Probe (Chrono Boost)  
  22  1:56  Probe (Chrono Boost)  
  23  2:10  Pylon  
  23  2:21  Pylon  
  23  2:24  Gateway  
  23  2:26  Adept (Chrono Boost)  
  23  2:28  Probe  
  26  2:39  Assimilator  
  27  2:48  Stalker  
  27  3:02  Gateway  
  27  3:08  Robotics Facility  
  27  3:15  Pylon  
  27  3:38  Nexus  
  27  3:39  Pylon  
  27  3:40  Warp Gate (Chrono Boost)  
  27  3:47  Stalker  
  29  3:48  Stalker  
  31  4:05  Warp Prism  
  33  4:14  Shield Battery  
  33  4:41  Observer  
  34  4:50  Probe x2  
  36  5:02  Probe x2  
  36  5:04  Gateway  
  38  5:14  Probe x2  
  38  5:16  Gateway  
  40  5:26  Probe  
  41  5:34  Stalker  
  41  5:35  Stalker x2  
  46  5:59  Stalker x4  
  46  6:01  Probe x2  
  56  6:15  Stalker  
  56  6:16  Probe x2  
  60  6:20  Assimilator  
  60  6:22  Pylon  
  60  6:24  Pylon, Stalker  
  60  6:25  Stalker  
  64  6:28  Probe  
  64  6:29  Probe  
  64  6:52  Stalker x3  
  64  6:53  Stalker x2  
Show
View Real Time Build Order
Export as new Build Order

Massa Terran 

Build Orders:  

Get SALT Encoding   

  12  0:00  SCV  
  13  0:12  SCV  
  14  0:17  Supply Depot  
  14  0:24  SCV  
  15  0:38  SCV  
  15  0:40  Barracks  
  16  0:46  Refinery  
  16  0:50  SCV  
  16  0:56  Supply Depot  
  17  1:03  SCV  
  18  1:15  SCV  
  19  1:27  SCV  
  20  1:40  Orbital Command  
  20  1:48  Command Center  
  20  1:54  Reaper  
  21  2:06  SCV  
  22  2:14  Factory  
  22  2:18  SCV  
  23  2:26  Refinery, Marine  
  24  2:30  SCV  
  25  2:43  SCV  
  25  2:44  Marine  
  27  3:10  SCV x2  
  29  3:22  SCV x2  
  31  3:37  Starport, Factory Tech Lab  
  31  3:38  Starport, Barracks Tech Lab  
  31  3:43  Orbital Command  
  31  3:44  SCV  
  32  3:51  Barracks  
  32  3:54  Barracks  
  32  3:55  Barracks  
  32  3:56  SCV  
  32  4:01  Marauder, Stimpack  
  34  4:16  Factory Tech Lab  
  34  4:19  Starport Reactor  
  34  4:21  Banshee  
  34  4:22  Marauder  
  39  4:28  Refinery  
  39  4:31  Refinery  
  39  4:37  Cloaking Field  
  39  4:41  SCV  
  39  4:42  SCV  
  39  4:43  Marauder  
  43  4:53  SCV  
  43  4:54  SCV  
  45  5:07  SCV, Supply Depot x2  
  46  5:19  Engineering Bay  
  46  5:27  Barracks Reactor  
  46  5:28  SCV x2, Marine, Barracks Tech Lab, Medivac x2, Siege Tank  
  53  5:30  Supply Depot  
  56  5:40  SCV x2  
  58  5:43  Marauder  
  58  5:46  Marine  
  61  6:03  Marine  
  62  6:05  Marauder  
  64  6:21  Marine  
  63  6:33  Marauder x2, Marine x2  
  63  6:39  Marine  
  65  6:51  Marine x2  
  63  6:54  Marauder x2  
Show
View Real Time Build Order
Export as new Build Order

qqq Protoss 

Build Orders:  

Get SALT Encoding   

  12  0:00  Probe  
  13  0:15  Pylon  
  13  0:20  Probe  
  14  0:33  Forge  
  14  0:42  Probe  
  15  0:54  Probe  
  16  0:58  Pylon  
  16  1:13  Pylon  
  16  1:14  Pylon  
  15  1:20  Photon Cannon  
  14  1:41  Gateway  
  14  1:53  Nexus  
  14  1:56  Probe (Chrono Boost)  
  16  2:08  Probe (Chrono Boost)  
  16  2:15  Photon Cannon  
  16  2:19  Probe (Chrono Boost)  
  17  2:30  Probe  
  18  2:43  Assimilator  
  18  2:44  Probe  
  18  2:47  Assimilator  
  19  2:52  Cybernetics Core  
  19  2:56  Probe  
  20  3:08  Probe (Chrono Boost)  
  22  3:16  Probe (Chrono Boost)  
  22  3:18  Probe (Chrono Boost)  
  23  3:23  Probe (Chrono Boost)  
  23  3:24  Probe (Chrono Boost)  
  25  3:31  Pylon  
  26  3:34  Probe (Chrono Boost)  
  26  3:40  Stargate  
  26  3:41  Probe (Chrono Boost)  
  27  3:42  Probe (Chrono Boost)  
  27  3:47  Probe  
  29  3:49  Probe  
  30  3:57  Pylon  
  30  3:59  Probe (Chrono Boost), Pylon  
  30  4:01  Probe (Chrono Boost)  
  32  4:07  Assimilator  
  32  4:15  Shield Battery  
  32  4:18  Stargate  
  33  4:29  Void Ray  
  33  4:30  Probe x2  
  37  4:42  Probe (Chrono Boost)  
  37  4:43  Probe (Chrono Boost), Assimilator  
  41  4:53  Probe (Chrono Boost)  
  41  4:54  Probe (Chrono Boost)  
  41  4:58  Probe x2 (Chrono Boost)  
  42  5:02  Void Ray  
  43  5:10  Probe  
  43  5:11  Probe  
  49  5:19  Void Ray  
  49  5:22  Probe, Photon Cannon  
  54  5:29  Probe  
  54  5:34  Probe  
  55  5:41  Probe  
  54  5:53  Probe  
  50  6:16  Void Ray (Chrono Boost)  
  43  7:15  Pylon  
  36  7:17  Pylon  
Tags
 
Add a new tag
Caveats
  • Supply blocks, unpowered buildings, or Contaminate may cause inaccurate times.
  • Supply counts are checked every 10 seconds.